[Event "Superbet Rapid Poland 2022"]
[Site "Warsaw"]
[Date "2022.05.19"]
[Round "2.4"]
[White "Wojtaszek, Radoslaw"]
[Black "Shevchenko, Kirill"]
[Result "1/2-1/2"]
[ECO "A58"]
[WhiteElo "2696"]
[BlackElo "2644"]
[Annotator "TA"]
[PlyCount "236"]
[EventDate "2022.05.19"]
[EventType "tourn"]
[EventCountry "POL"]
[SourceTitle "playchess.com"]
[Source "ChessBase"]
[SourceQuality "1"]
[TimeControl "1500+10"]

1. d4 Nf6 2. c4 c5 3. d5 b5 4. cxb5 a6 5. bxa6 e6 6. Nc3 exd5 7. Nxd5 Nxa6 8. Bg5 Be7 9. Nxe7 Qxe7 10. Nf3 h6 11. Bf4 Qe4 12. e3 Nb4 13. Rc1 Nxa2 14. Rc4 Qb7 15. Be2 d5 16. Ra4 O-O 17. Rxa8 Qxa8 18. O-O Ne4 19. Re1 Nb4 20. Nd2 Ba6 21. Be5 Qc6 22. Nxe4 dxe4 23. Bxa6 Qxa6 24. Qg4 Qg6 (24... g5 {is interesting.} 25. Bc3 Nd3 26. Rf1 Qe6) 25. Qxg6 fxg6 26. Bc3 Nd3 27. Rf1 (27. Rd1 $5 ) 27... g5 28. f3 exf3 29. gxf3 Re8 30. e4 g4 31. fxg4 Rxe4 32. h3 Re3 33. Kg2 g5 34. Rf3 Nf4+ 35. Kf2 Re2+ 36. Kf1 Rh2 37. Be5 Rh1+ 38. Kf2 Rh2+ 39. Kf1 Rh1+ 40. Kf2 Ng6 41. Bc3 Nh4 42. Rf6 Rh2+ 43. Kf1 Rxh3 44. Rxh6 Rf3+ 45. Ke2 Rf4 46. Rc6 c4 47. Bd2 Re4+ 48. Kd1 Rxg4 49. Bxg5 Rxg5 50. Rxc4 Nf5 51. Kd2 Kf7 52. b4 Ke6 53. Rc5 $1 Rg3 54. Rc8 Kd5 55. b5 Nd6 56. Rb8 Kc5 57. b6 Nc4+ 58. Ke2 (58. Kc2 {feels hotter.} Rg7 59. b7 Kb4 60. Kd3) 58... Nxb6 59. Rd8 Nd5 60. Kf2 Rb3 61. Ke2 Kd4 62. Kf2 Rb6 63. Kf3 Rg6 64. Kf2 Rg7 65. Kf3 Rf7+ 66. Ke2 Rf6 67. Rd7 Ke4 68. Rd8 Nf4+ 69. Kd2 Ne6 70. Re8 Kd4 71. Ke2 Nf4+ 72. Kf3 Nd3+ 73. Kg3 Ne5 74. Ra8 Rf3+ 75. Kg2 Rc3 76. Ra4+ Ke3 77. Kg3 Rb3 78. Ra8 Ke4+ 79. Kf2 Ng4+ 80. Ke2 Rb2+ 81. Kd1 Ne5 82. Rd8 Nf3 83. Kc1 Rh2 84. Kb1 Nd4 85. Rg8 Kd3 86. Rg3+ Kc4 87. Rg8 Rf2 88. Rc8+ Kd3 89. Rg8 Nb5 90. Kc1 Rh2 91. Rg3+ Kc4 92. Rg8 Nd4 93. Rc8+ Kd3 94. Kb1 Rh6 95. Kb2 Rb6+ 96. Ka3 Nc6 97. Rh8 Kc4 98. Rh4+ Nd4 99. Ka2 Rf6 100. Rh8 Kc3 101. Rh3+ Nf3 102. Kb1 Rf5 103. Kc1 Rf4 104. Kb1 Kb3 105. Kc1 Kc3 106. Kb1 $1 Rf8 107. Kc1 Rf6 108. Kb1 Kd2 109. Kb2 Nd4 110. Rh2+ Kd3 111. Rh3+ Kc4 112. Rc3+ Kb4 113. Rc8 Rf2+ 114. Kc1 Nb3+ 115. Kd1 Nc5 116. Ke1 Ra2 117. Rd8 Kc3 118. Kf1 Ne6 1/2-1/2

[Event "Superbet Rapid Poland 2022"]
[Site "Warsaw"]
[Date "2022.05.19"]
[Round "2.5"]
[White "So, Wesley"]
[Black "Anand, Viswanathan"]
[Result "0-1"]
[ECO "E48"]
[WhiteElo "2766"]
[BlackElo "2751"]
[Annotator "TA"]
[PlyCount "60"]
[EventDate "2022.05.19"]
[EventType "tourn"]
[EventCountry "POL"]
[SourceTitle "playchess.com"]
[Source "ChessBase"]
[SourceQuality "1"]
[TimeControl "1500+10"]

1. d4 Nf6 2. c4 e6 3. Nc3 Bb4 4. e3 O-O 5. Bd3 d5 6. cxd5 exd5 7. a3 {[%emt 0:00:02] E48: Nimzo-Indian: Rubinstein: 5 Bd3 d5 including 6 Ne2, but excluding 6 a3.} Bd6 8. Qc2 c6 9. Nge2 {[%emt 0:00:03] The position is equal.} Nbd7 10. Bd2 Re8 11. f3 Nf8 {[%emt 0:00:23] [#]} 12. O-O-O $146 ({Predecessor:} 12. O-O Bc7 13. Rf2 Ne6 14. Rd1 b6 15. b4 Bb7 16. Ng3 a5 17. Nce2 axb4 18. axb4 {1-0 (28) Sasikiran,K (2650)-Roulet Dubonnet,E (2050) Fagernes 2022}) 12... b5 13. e4 b4 14. axb4 {[%emt 0:00:10] [#] Strongly threatening e5.} Bxb4 15. e5 N6d7 16. Na4 Rb8 17. Qxc6 Bxd2+ (17... Bb7 $5 18. Qc2 Qa5 $14) 18. Rxd2 Bb7 (18... Qa5 $11 19. Qc2 Rb4) 19. Qd6 $16 Re6 20. Qa3 Ba6 21. Bc2 $2 (21. Nf4 $14 {stays ahead.} Rc6+ 22. Rc2) 21... Bxe2 $17 ({Don't play} 21... Qg5 22. Nec3 $16) 22. Rxe2 Ra6 23. Qd3 Qa5 24. e6 fxe6 25. Rhe1 Rc6 {[%emt 0:02:47] [#] White must now prevent ...Qxa4.} 26. Nc3 {[%emt 0:01:14] Now White is beyond hope.} (26. Kd1 $17 {was called for.}) 26... Qa1+ 27. Kd2 Qxb2 28. Rb1 Qa3 {[%emt 0:00:03] aiming for ...Rbc8. Really sharp!} 29. Rxb8 Nxb8 30. f4 (30. Re3 $142) 30... Na6 {[%emt 0:00:11] Weighted Error Value: White=0.33/Black=0.17 (very precise)} 0-1

[Event "Superbet Rapid Poland 2022"]
[Site "Warsaw"]
[Date "2022.05.19"]
[Round "3.1"]
[White "Anand, Viswanathan"]
[Black "Korobov, Anton"]
[Result "1-0"]
[ECO "C02"]
[WhiteElo "2751"]
[BlackElo "2671"]
[Annotator "TA"]
[PlyCount "56"]
[EventDate "2022.05.19"]
[EventType "tourn"]
[EventCountry "POL"]
[SourceTitle "playchess.com"]
[Source "ChessBase"]
[SourceQuality "1"]
[TimeControl "1500+10"]

1. e4 e6 2. d4 d5 3. e5 c5 4. c3 Nc6 5. Nf3 Bd7 6. Be2 Rc8 7. O-O {[%emt 0:00:19] C02: French: Advance Variation.} h6 8. Be3 {[%emt 0:00:38] [#]} Qb6 $146 ({Predecessor:} 8... cxd4 9. cxd4 Nge7 10. Nc3 Nf5 11. Bd3 Nxe3 12. fxe3 Be7 13. Qe2 Nb4 14. Bb1 Nc6 {½-½ (22) Jabot,D (2177)-Rotaru,I (2237) ICCF email 2017}) 9. dxc5 {[%emt 0:00:36] White has an edge.} Bxc5 (9... Qxb2 {with more complications.} 10. Nbd2 Qxc3 11. Rb1 Nge7) 10. Bxc5 Qxc5 11. Nbd2 Nge7 12. Nb3 Qb6 13. Bd3 Na5 14. Nxa5 Qxa5 15. a4 {[%emt 0:00:01][%cal Ba2a4,Ba4a5][%mdl 32] Prevents Bb5.} O-O 16. Re1 Qb6 17. Qd2 a6 18. h4 Rc7 19. a5 Qc5 20. Re3 Nf5 21. Bxf5 exf5 22. Nd4 Qe7 23. g3 h5 (23... Rc5 $142) 24. Qe2 g6 25. e6 f4 26. gxf4 {[%emt 0:04:10] White is more active.} ({Don't go for} 26. exd7 $2 fxe3 27. Qxe3 Qxe3 28. fxe3 Rxd7 $19) 26... fxe6 27. Rg3 Qxh4 $2 {[%emt 0:11:04][%mdl 8192] [#]} (27... Qg7 $16) 28. Qe5 $18 Rc4 {[%emt 0:00:45] Weighted Error Value: White=0.04 (flawless) /Black=0.15 (very precise)} 1-0

[Event "Superbet Rapid Poland 2022"]
[Site "Warsaw"]
[Date "2022.05.19"]
[Round "3.2"]
[White "Shevchenko, Kirill"]
[Black "So, Wesley"]
[Result "0-1"]
[ECO "C67"]
[WhiteElo "2644"]
[BlackElo "2766"]
[Annotator "TA"]
[PlyCount "84"]
[EventDate "2022.05.19"]
[EventType "tourn"]
[EventCountry "POL"]
[SourceTitle "playchess.com"]
[Source "ChessBase"]
[SourceQuality "1"]
[TimeControl "1500+10"]

1. e4 e5 2. Nf3 Nc6 3. Bb5 Nf6 4. O-O Nxe4 5. Re1 Nd6 6. Bf1 {[%emt 0:00:23] C67: Ruy Lopez: Berlin Defence: 4 0-0 Nxe4.} Be7 {[%emt 0:00:14] Threatens to win with ...e4.} 7. Nc3 {[%emt 0:00:05] Prevents e4. outshines the older 7.Nxe5.} (7. Nxe5 {is more appropriate.} Nxe5 8. Rxe5) 7... f6 $11 8. d4 {[%emt 0:01:15][%cal Rd4e5] The position is equal.} Nf7 9. Nd5 {[%emt 0:01:20][%cal Ob2b4] [#]} O-O $5 $146 {[%emt 0:00:07][%mdl 8] New and interesting.} ({Predecessor:} 9... d6 10. Bc4 Qd7 11. b4 Bd8 12. b5 Na5 13. Bd3 O-O 14. c4 Re8 15. Qc2 f5 16. dxe5 dxe5 {1-0 (47) Mamedov,R (2673)-Antipov,M (2619) Riga 2021}) 10. c4 d6 11. Bd3 (11. b4 $11) 11... f5 $15 12. b4 (12. Nxe7+ $15 Qxe7 13. d5) 12... e4 $17 13. b5 Nb8 14. Nd2 {[%emt 0:02:13][%cal Od2e4] Nxe4! is the strong threat.} Bg5 15. Bc2 Be6 16. f3 c6 17. fxe4 (17. Nc3 $17) 17... cxd5 $19 18. exd5 (18. cxd5 $142 Bc8 19. e5) 18... Bc8 19. a4 a6 20. Nf3 Bxc1 21. Rxc1 b6 {[%emt 0:00:41] Inhibits c5.} 22. Qd2 (22. c5 $142) 22... g6 23. Re6 axb5 24. axb5 Nd7 ({Don't blunder} 24... Bxe6 $2 25. dxe6 Nh8 26. Re1 $17) 25. Rce1 Nf6 26. Qf4 Ra7 ({But not} 26... Bxe6 $2 27. dxe6 Re8 28. exf7+ Kxf7 29. Rf1 $19) 27. R6e2 Re8 28. Rxe8+ Nxe8 29. h3 Nf6 30. Kh2 Kg7 31. Bb3 h6 32. Qe3 Ng5 33. Nxg5 hxg5 34. Kg1 g4 35. h4 Kf7 36. Qg5 (36. Bc2 $142 Nh5 37. c5) 36... Re7 37. Rf1 Qh8 {[%emt 0:00:25] And now ...Nh5 would win.} 38. c5 Ne4 39. Qe3 Qxh4 40. cxd6 {[%emt 0:00:06] [#]} g3 $1 41. Re1 (41. Rxf5+ Bxf5) 41... Qh2+ 42. Kf1 {[%emt 0:00:01] [#]} Nd2+ $1 {[%emt 0:00:03][%mdl 512] White did not feel at home in the position after the opening.  Weighted Error Value: White=0.63/Black=0.09 (flawless)} 0-1

[Event "Superbet Rapid Poland 2022"]
[Site "Warsaw"]
[Date "2022.05.19"]
[Round "3.3"]
[White "Aronian, Levon"]
[Black "Wojtaszek, Radoslaw"]
[Result "1/2-1/2"]
[ECO "B30"]
[WhiteElo "2765"]
[BlackElo "2696"]
[Annotator "TA"]
[PlyCount "143"]
[EventDate "2022.05.19"]
[EventType "tourn"]
[EventCountry "POL"]
[SourceTitle "playchess.com"]
[Source "ChessBase"]
[SourceQuality "1"]
[TimeControl "1500+10"]

1. e4 c5 2. Nf3 d6 3. Bc4 Nf6 4. d3 Nc6 5. O-O g6 6. h3 Bg7 7. Nc3 O-O 8. a3 {[%emt 0:00:05] B30: Sicilian: 2...Nc6 3 Bb5, lines without ...g6.} b6 9. Be3 Bb7 10. Ba2 {[%emt 0:00:04] [#]} e6 $146 ({Predecessor:} 10... h6 11. Nh2 e5 12. Nd5 Nd4 13. Nxf6+ Qxf6 14. Qd2 Kh7 15. f4 exf4 16. Rxf4 Qe7 {1-0 (52) Hansen,S (2555)-Bekker Jensen,S (2393) Aalborg 2006}) 11. Qc1 Rc8 12. Re1 Ne5 13. Nh2 a6 14. Bh6 Re8 15. Bxg7 Kxg7 16. f4 Nc6 17. Rf1 (17. Nf3 $11) 17... Nd4 $15 18. Qd2 d5 19. e5 Nd7 20. Rae1 f5 (20... b5 $15) 21. exf6+ $11 Nxf6 22. Ne2 {[%emt 0:00:34] Black must now prevent Nxd4.} Nc6 23. Nf3 Qd6 24. d4 a5 25. Ng3 (25. c3 {is more complex.} Ba6 26. Bb1 Ne4 27. Bxe4 dxe4 28. Ng5) 25... Nxd4 26. Nxd4 cxd4 27. Ne2 $2 ({White should try} 27. Qxd4 $15 Qc5 28. c3) 27... Ba6 $19 28. Rf3 e5 29. Nc1 $2 (29. fxe5 Qxe5 30. Bb3) 29... e4 30. Rg3 e3 31. Qxd4 Re4 32. Qd1 Qxf4 33. Rf3 Qg5 34. Ne2 Bxe2 35. Rxe2 d4 36. Qd3 {[%emt 0:00:58][%cal Of3f6] aiming for Rxf6!} Rf4 37. Qa6 (37. Rxf4 $142 Qxf4 38. c3) 37... Rxf3 38. Qxc8 {[%emt 0:00:15] Qb7+ is the strong threat.} Rf2 $2 (38... Rf4 $19 {and Black stays clearly on top.} 39. Qd8 Qe5) 39. Rxf2 $17 exf2+ 40. Kxf2 {[%emt 0:00:00][%mdl 4096] Endgame KQB-KQN} Qe3+ (40... Kh6 $6 41. Qf8+ Kh5 42. Qe7 $11) 41. Kf1 Qc1+ 42. Ke2 Qe3+ (42... Qxb2 $6 43. Qc7+ Kh6 44. Qf4+ Kg7 45. Qc7+ Kh6 46. Qf4+ Kg7 47. Qc7+ $11) 43. Kf1 Qc1+ 44. Ke2 $1 Qe3+ ({Much weaker is} 44... Qxb2 45. Qc7+ Kh6 46. Qf4+ Kg7 47. Qc7+ Kh6 48. Qf4+ Kg7 49. Qc7+ $11) 45. Kf1 d3 46. cxd3 Qxd3+ 47. Kg1 Qd4+ 48. Kh1 Qxb2 49. Qc7+ Kh6 50. Qf4+ g5 51. Qf1 Qe5 ({Much worse is} 51... Qxa2 $6 52. Qxf6+ Kh5 53. Kh2 $11) 52. Bb1 b5 53. Bd3 b4 54. axb4 axb4 55. Bc2 Qf4 (55... g4 {with more complications.} 56. hxg4 Nxg4 57. Qf8+ Kg5) 56. Qe1 g4 (56... Nh5 $15) 57. hxg4 $11 Qxg4 58. Kg1 {[%emt 0:01:37] [#]} ({Of course not} 58. Qe3+ Qg5 59. Qe6 Qf4 $17) (58. Qf2 $11 {remains equal.} Qg5 59. g3) 58... Qf4 ({Black should play} 58... Qd4+ $1 $17 59. Kf1 Qf4+ 60. Kg1 Qg5) 59. g3 Qd4+ 60. Kh2 $2 {[%emt 0:01:20] [#]} (60. Kf1 $11) 60... Ng4+ $1 $19 61. Kh3 Ne3 {[%emt 0:00:07] Strongly threatening ...Qc3.} 62. Qe2 Kg5 $2 (62... Nxc2 $19 63. Qxc2 Qd5) 63. Qb5+ $11 {[%emt 0:00:05] The position is equal.} Qd5 64. Qxd5+ Nxd5 65. Bxh7 {[%emt 0:00:04] KB-KN} b3 66. Kg2 b2 {[%emt 0:00:03] ( -> ...Ne3+)} 67. Kf2 $1 {[%emt 0:00:02] Against Ne3} Nf6 68. Bc2 Nh5 69. Kf3 Nxg3 70. Kxg3 Kf6 71. Kf4 b1=Q 72. Bxb1 {[%emt 0:00:02] Weighted Error Value: White=0.39/Black=0.35} 1/2-1/2

[Event "Superbet Rapid Poland 2022"]
[Site "Warsaw"]
[Date "2022.05.19"]
[Round "3.4"]
[White "Duda, Jan-Krzysztof"]
[Black "Rapport, Richard"]
[Result "1-0"]
[ECO "E98"]
[WhiteElo "2750"]
[BlackElo "2776"]
[Annotator "TA"]
[PlyCount "91"]
[EventDate "2022.05.19"]
[EventType "tourn"]
[EventCountry "POL"]
[SourceTitle "playchess.com"]
[Source "ChessBase"]
[SourceQuality "1"]
[TimeControl "1500+10"]

1. d4 Nf6 2. c4 g6 3. Nc3 Bg7 4. e4 d6 5. Nf3 O-O 6. Be2 e5 7. O-O Nc6 8. d5 Ne7 9. Ne1 Ne8 10. Nd3 f5 11. Bd2 {[%emt 0:00:13] 11.f3 injects fresh life into this line.} f4 {[%emt 0:00:23] [#]} (11... fxe4 $1 $11 12. Nxe4 Nf6 13. Nxf6+ Bxf6) 12. b4 $146 {[%emt 0:01:27] E98: King's Indian: Classical Main Line: 9 Ne1.} ({Predecessor:} 12. c5 g5 13. Rc1 Rf6 14. Bg4 Bxg4 15. Qxg4 Rg6 16. h3 Qc8 17. Qxc8 Rxc8 18. Nb5 a6 19. cxd6 axb5 20. dxe7 {1-0 (40) Batsiashvili,N (2491)-Ovezdurdiyeva,J (2061) Chess.com INT 2022}) 12... g5 13. c5 Ng6 (13... c6 $11) 14. Rc1 {[%emt 0:00:30] White is slightly better.} Nf6 15. f3 Rf7 16. Kh1 h5 17. g3 Kh7 18. Nf2 Bf8 19. c6 b6 20. Rg1 Bh6 21. a4 fxg3 22. hxg3 g4 (22... Qf8 $14) 23. fxg4 $16 {[%emt 0:02:30][%cal Bf3g4,Bg4g5][%mdl 32] White is more active.} Bxd2 (23... Nxg4 $142 24. Nxg4 Bxg4) 24. Qxd2 h4 {[%emt 0:00:38] This move loses the game for Black.} (24... Bxg4 $16 {is a better defense.} 25. Rcf1 (25. Nxg4 Nxg4 26. Bxg4 hxg4 $16) 25... Bxe2 26. Qxe2 (26. Nxe2 Qf8 $11) 26... Qc8) 25. g5 $18 Ne8 (25... Ng8 $142) 26. Rcf1 {[%emt 0:01:14][%cal Bc1f1,Bf1f7,Bf7c7][%mdl 32] Hoping for gxh4.} (26. Bh5 Ng7 27. Bxg6+ Kxg6 $16) 26... hxg3 27. Rxg3 Rf4 28. Nd3 {[%emt 0:00:32] Really sharp!} Rh4+ 29. Kg1 Ng7 $2 (29... Kg8 {was worth a try.} 30. Rf2 Qe7) 30. Rf7 Qh8 31. Rxc7 Kg8 {[%emt 0:00:14] [#]} 32. Nf2 {[%emt 0:00:09] Against Rh1+. Threatens to win with Nb5.} Nf4 33. Nb5 (33. g6 $142) 33... Rh2 $2 (33... Ngh5 34. Rf3 (34. Bxh5 Qxh5 35. Nc3 Nh3+ 36. Nxh3 Bxh3 $18) 34... Nxe2+ 35. Qxe2 Nf4) 34. Qe3 {[%emt 0:00:11] White is clearly winning.} ({But not} 34. Nxd6 $2 {[#]} Qh4 $1 35. Qxf4 (35. Rxc8+ $2 Rxc8 36. Qxf4 exf4 $19) (35. Rxg7+ $2 Kxg7 36. Qxf4 exf4 $19) 35... exf4 $19) 34... Qh4 35. Bd1 Ngh5 {[%emt 0:01:45] [#]} 36. Rxc8+ $1 Rxc8 37. Rg4 Rxf2 38. Rxh4 {[%emt 0:00:14][%mdl 64] Discovered Attack} Rg2+ 39. Kf1 Ng3+ 40. Ke1 Rf8 41. Nxd6 Ng6 42. Nf5 Nxh4 43. Qxg3 Rxg3 44. Nxg3 Kf7 45. Bg4 {[%emt 0:00:02] aiming for c7.} Ke7 46. c7 {[%emt 0:00:03] Weighted Error Value: White=0.22 (precise) /Black=0.51} 1-0

[Event "Superbet Rapid Poland 2022"]
[Site "Warsaw"]
[Date "2022.05.19"]
[Round "3.5"]
[White "Gavrilescu, David"]
[Black "Caruana, Fabiano"]
[Result "0-1"]
[ECO "B30"]
[WhiteElo "2518"]
[BlackElo "2786"]
[Annotator "TA"]
[PlyCount "96"]
[EventDate "2022.05.19"]
[EventType "tourn"]
[EventCountry "POL"]
[SourceTitle "playchess.com"]
[Source "ChessBase"]
[SourceQuality "1"]
[TimeControl "1500+10"]

1. e4 {[%emt 0:00:05] Krasenkow,Michal} c5 2. Nf3 Nc6 3. Bb5 e6 4. Bxc6 bxc6 5. d3 Ne7 6. Nbd2 {[%emt 0:00:56] B30: Sicilian: 2...Nc6 3 Bb5, lines without ...g6.} Ng6 ({Black should play} 6... d5 $11) 7. h4 $1 $14 h5 8. e5 $1 {[%emt 0:00:24] White is slightly better.} d6 {[%emt 0:01:30] [#]} 9. Qe2 $146 ({Predecessor:} 9. exd6 e5 10. Nc4 Bg4 11. Bg5 f6 12. Bd2 Bxd6 13. Qe2 Bc7 14. O-O-O O-O 15. Kb1 {0-1 (38) Giri,A (2776)-Nepomniachtchi,I (2789) chess24.com INT 2021 CBM 201a [Krasenkow,Michal]}) 9... d5 $1 10. g3 c4 11. dxc4 Ba6 12. O-O Ne7 13. b3 Nf5 14. Rd1 Qb6 15. Nf1 Bc5 16. Ne3 {[%emt 0:00:11] Strongly threatening Nxf5.} Nd4 17. Nxd4 Bxd4 18. Rb1 O-O-O 19. Bd2 Bxe5 20. Ng2 (20. Nxd5 Rxd5 21. Qe4 Bxg3 $1 $17) 20... Bc7 ({Black should try} 20... Bxg3 $11 21. Bg5 Bb8) 21. Bf4 c5 22. Bxc7 Qxc7 23. Qf3 (23. b4 $11) 23... d4 $1 $15 24. Qa8+ Kd7 25. Qf3 Ke7 26. Qf4 {[%emt 0:01:01] [#]} ({Better is} 26. Qe2 $15) 26... e5 $1 $17 27. Qg5+ Kf8 28. b4 f6 29. Qf5 Kf7 30. bxc5 Bxc4 31. Qf3 (31. c3 $17 {was necessary.} d3 32. Rb4) 31... Bd5 $19 ({Inferior is} 31... Qxc5 32. Rb7+ Kf8 33. Qf5 $17) 32. Qa3 Ba8 33. Ne1 (33. Rd3 $17 {might work better.}) 33... Rd7 (33... g5 $19 {And now ...gxh4 would win.} 34. hxg5 h4) 34. c3 $17 Qc6 $40 {[%emt 0:01:04][%csl Ga8][%cal Rc6h1][%mdl 128] Black has strong attack. Black is more active.} 35. f3 d3 36. Rb2 {[%emt 0:00:16] This costs White the game.} ({Don't go for} 36. Nxd3 $2 Rhd8 37. c4 (37. Qb3+ $2 Ke7 $19) 37... Qxf3 38. Nxe5+ fxe5 $19) (36. Rxd3 $17 {only move.} Rxd3 37. Nxd3) 36... e4 $19 37. Qb3+ Kg6 38. Qc4 (38. fxe4 Qxc5+ 39. Rf2 Bxe4 40. Qa4) 38... Re8 39. Ng2 exf3 40. Nf4+ Kh6 {[%emt 0:00:02][%cal Oe8e2] ( -> ...Re2!)} 41. Rf2 {[%emt 0:00:04] Inhibits Re2.} (41. Rxd3 f2+ 42. Kxf2) 41... d2 {[%emt 0:00:17] White must now prevent ...Re1+.} 42. Kh2 g5 43. hxg5+ fxg5 {[%emt 0:00:01] aiming for ...Re1.} 44. Rfxd2 Rxd2+ 45. Rxd2 f2 ({And not} 45... Re4 46. Qf7 gxf4 47. Rd6+ Qxd6 48. cxd6 $11) 46. Rd6+ {[%emt 0:00:16] [#]} Qxd6 $3 47. cxd6 {[%emt 0:00:01] [#]} Re1 $1 48. Nd5 Bxd5 {[%emt 0:00:12] Weighted Error Value: White=0.88/Black=0.13 (very precise)} 0-1

[Event "Superbet Rapid Poland 2022"]
[Site "Warsaw"]
[Date "2022.05.20"]
[Round "4.1"]
[White "Korobov, Anton"]
[Black "Caruana, Fabiano"]
[Result "1/2-1/2"]
[ECO "A26"]
[WhiteElo "2671"]
[BlackElo "2786"]
[Annotator "TA"]
[PlyCount "66"]
[EventDate "2022.05.19"]
[EventType "tourn"]
[EventCountry "POL"]
[SourceTitle "playchess.com"]
[Source "ChessBase"]
[SourceQuality "1"]
[TimeControl "1500+10"]

1. c4 e5 2. Nc3 Nf6 3. Nf3 Nc6 4. a3 g6 5. g3 Bg7 6. Bg2 O-O 7. O-O d6 8. d3 a5 9. Rb1 h6 {[%emt 0:00:07] 9...Re8 is the modern continuation.} 10. b4 axb4 11. axb4 Ne7 {[%emt 0:00:31] A26: English Opening vs King's Indian with ...Nc6 and d3.} 12. Bb2 Be6 13. Ra1 Qd7 14. Qc2 Bh3 {[%emt 0:01:02] The position is equal.} 15. Rxa8 Rxa8 16. Ra1 Rxa1+ 17. Bxa1 Bxg2 18. Kxg2 {[%emt 0:00:03] [#]} g5 $146 ({Predecessor:} 18... Nf5 19. Qa2 c6 20. c5 Nd4 21. cxd6 Nxf3 22. Kxf3 Bf8 23. Qa8 Kg7 24. Qa5 Bxd6 {0-1 (54) MacMillen,A (1711)-Lorenz,B ICCF email 2017}) 19. Qa2 c6 20. c5 g4 21. Nh4 d5 22. Qa8+ Kh7 23. Na4 e4 24. Nb6 Qe6 25. Qxb7 exd3 26. exd3 Qe2 {[%emt 0:00:36] [#] Strongly threatening ...d4.} 27. Nc8 Ng6 28. Bxf6 {[%emt 0:00:22] Dancing on a razor blade. Active counter play!} (28. Qxc6 {gets mated.} Nxh4+ 29. gxh4 Nh5 30. Qd6 Qf3+ 31. Kf1 Bxa1 32. Ne7 Bd4) 28... Nxh4+ 29. gxh4 (29. Bxh4 {is a self mate.} Qf3+ 30. Kf1 Bd4) 29... Qf3+ 30. Kg1 Qd1+ 31. Kg2 Qf3+ 32. Kg1 Qd1+ 33. Kg2 Qf3+ {[%emt 0:00:02] An interesting draw.  Weighted Error Value: White=0.02 (flawless) /Black=0.00 (flawless)} 1/2-1/2

[Event "Superbet Rapid Poland 2022"]
[Site "Warsaw"]
[Date "2022.05.20"]
[Round "4.2"]
[White "Rapport, Richard"]
[Black "Gavrilescu, David"]
[Result "1-0"]
[ECO "C00"]
[WhiteElo "2776"]
[BlackElo "2518"]
[Annotator "TA"]
[PlyCount "99"]
[EventDate "2022.05.19"]
[EventType "tourn"]
[EventCountry "POL"]
[SourceTitle "playchess.com"]
[Source "ChessBase"]
[SourceQuality "1"]
[TimeControl "1500+10"]

1. e4 e6 2. d3 d5 3. Nd2 c5 4. g3 Nc6 5. Bg2 Nf6 6. Ngf3 Be7 7. O-O O-O 8. a4 Qc7 {[%emt 0:03:13] C00: French: Unusual White 2nd moves.} 9. Re1 h6 10. e5 Nd7 {[%emt 0:00:25] Black has an edge.} 11. Qe2 b6 12. h4 Nb4 13. Nf1 Ba6 {[%emt 0:00:07] [#]} 14. Qd1 $146 ({Predecessor:} 14. Bf4 c4 15. dxc4 Bxc4 16. Qd2 Bxf1 17. Bxf1 Qxc2 18. Rec1 Qxd2 19. Bxd2 a5 20. Rc7 Nxe5 21. Nxe5 {0-1 (32) Slavin,P (1078)-Henke,S (1526) LSS email 2010}) 14... Rfc8 15. N1h2 Qd8 16. Bf4 b5 (16... Kh8 $11) 17. c3 $14 Nc6 18. axb5 Bxb5 19. Ng4 (19. b3 $5 ) 19... Bf8 $1 20. Qe2 {[%emt 0:01:45] Hoping for c4.} Ne7 21. h5 a5 22. Ne3 Qb6 23. g4 d4 24. Nc4 Bxc4 25. dxc4 Rab8 26. Bc1 Qa6 27. g5 (27. cxd4 $6 cxd4 28. Nxd4 Qxc4 29. Qxc4 Rxc4 $11) 27... dxc3 28. bxc3 Nb6 29. gxh6 {[%emt 0:01:30] White is more active.} Qxc4 $2 (29... gxh6 $16 30. Bf1 Nf5) 30. hxg7 $18 (30. Rxa5 gxh6 31. Qxc4 Nxc4 $11) 30... Bxg7 31. Qc2 {[%emt 0:00:12] Threatens to win with Re4.} (31. Rxa5 $6 Nf5 $16) 31... Nbd5 32. h6 (32. Rxa5 Nf5 $14) 32... Bh8 $2 (32... Qxc3 33. Qxc3 Nxc3) 33. Re4 $2 (33. Ra4 $18 {is more deadly.} Rb4 34. Ra3) 33... Qxc3 $16 34. Rg4+ Kf8 {[%emt 0:00:41] [#]} 35. Qh7 Ke8 36. Rga4 $36 {[%emt 0:01:01][%cal Bg4a4,Ba4a5,Ba5a8][%mdl 2080] White is really pushing. Dancing on a razor blade.} ({Wrong is} 36. Qxh8+ $2 Kd7 37. Qxc8+ Rxc8 $19) 36... Kd7 $2 (36... Bxe5 $16 {is a better chance.} 37. R4a3 Qxa1 38. Rxa1 Bxa1) 37. Bd2 $18 {[%emt 0:00:40][%mdl 64] Skewer. This bishop pair is nice.} Qb2 38. Rxa5 Bxe5 39. Nxe5+ Qxe5 40. Qxf7 {[%emt 0:00:05] Ra7+ is the strong threat.} ({Weaker is} 40. Ra7+ Rc7 41. Qxf7 Qf5 42. Qxf5 exf5 $18) 40... Rc7 (40... Qf5 $142 41. Ra7+ Rc7 42. Qxf5 exf5) 41. h7 Rh8 (41... Qf6 $142 42. Qxf6 Nxf6) 42. Ra8 {[%emt 0:00:42] And now R1a6 would win.} Rcc8 43. R1a7+ {[%emt 0:00:48] White mates.} Kd6 44. Bxd5 Kxd5 45. Rxc8 Nxc8 46. Qb7+ Kc4 47. Ra4+ Kd3 48. Qb3+ Ke2 49. Ra2 Qd5 50. Ba5+ {[%emt 0:00:21] Weighted Error Value: White=0.29 (precise) /Black=0.50} 1-0